 Dungeon Crawl Stone Soup version 0.19-a0-1888-g6ba2374 (webtiles) character file.

35121 Naow the Severer (level 14, -5/93 HPs)
             Began as a Formicid Fighter on Oct 17, 2016.
             Was a High Priest of Okawaru.
             Shot with an arrow by a centaur warrior (11 damage)
             ... on level 15 of the Dungeon.
             The game lasted 00:27:21 (12458 turns).

Naow the Severer (Formicid Fighter)                Turns: 12458, Time: 00:27:21

Health: -5/93      AC: 29    Str: 24    XL:     14   Next: 16%
Magic:  17/22      EV: 11    Int: 12    God:    Okawaru [*****.]
Gold:   897        SH:  7    Dex: 10    Spells: 0 memorised, 13 levels left

rFire  + . .     SeeInvis +     W - +1 executioner's axe (chop)
rCold  + . .     Gourm    .     e - +7 chain mail "Quklum" {rN++}
rNeg   + + .     Faith    +     r - +0 buckler {AC+3}
rPois  +         Spirit   .     (helmet unavailable)
rElec  +         Dismiss  .     Q - +0 cloak
rCorr  +         Reflect  .     q - +0 pair of gloves
MR     +....     Harm     .     x - +0 pair of boots
Stlth  ..........               C - amulet of faith
                                S - +2 ring of intelligence
                                a - ring of flight

@: resistant, heroism, finesse
A: permanent stasis, dig shafts and tunnels, four strong arms, antennae 3
a: Dig, Shaft Self, Heroism, Finesse, Renounce Religion, Evoke Flight


You were on level 15 of the Dungeon.
You worshipped Okawaru.
Okawaru was extremely pleased with you.
You were hungry.

You visited 1 branch of the dungeon, and saw 15 of its levels.

You collected 897 gold pieces.

Inventory:

Hand Weapons
 M - the +3 whip "Yschamuwk" {freeze, rElec rN+ Int+2}
   (You found it on level 8 of the Dungeon)

   It has been specially enchanted to freeze those struck by it, causing extra
   injury to most foes and up to half again as much damage against particularly
   susceptible opponents.
   It can also slow down cold-blooded creatures.
   It affects your intelligence (+2).
   It insulates you from electricity.
   It protects you from negative energy.
 R - a +2 eveningstar of protection
 W - a +1 executioner's axe of chopping (weapon)
 Y - a +6 vampiric war axe
Armour
 c - a +0 shield
 e - the +7 chain mail "Quklum" (worn) {rN++}
   (You found it on level 12 of the Dungeon)

   It greatly protects you from negative energy.
 q - a +0 pair of gloves (worn)
 r - a +0 buckler of protection (worn)
 x - a +0 pair of boots (worn)
 E - a +0 plate armour
 Q - a +0 cloak (worn)
Jewellery
 a - a ring of flight (left hand)
 C - an amulet of faith (around neck)
 L - an uncursed ring of magical power {unknown}
 S - a +2 ring of intelligence (right hand)
Wands
 B - a wand of lightning (9/15)
 G - a wand of teleportation (6/9)
 P - a wand of iceblast (9/15)
 U - a wand of teleportation (3/9)
 V - a wand of lightning (4/15)
Scrolls
 g - 5 scrolls of teleportation
 i - 21 scrolls of identify
 n - 2 scrolls of random uselessness
 o - 3 scrolls of recharging
 p - 5 scrolls of remove curse
 u - a scroll of magic mapping
 y - a scroll of amnesia
 A - 2 scrolls of fear
 D - a scroll of noise
 K - 2 scrolls of fog
 X - a scroll of enchant weapon
Potions
 d - 2 potions of might
 j - a potion of agility
 l - 3 potions of resistance
 m - 6 potions of lignification {unknown}
 s - 2 potions of flight {unknown}
 v - 2 potions of cure mutation {unknown}
 w - 4 potions of degeneration {unknown}
 F - 4 potions of haste {unknown}
 H - 4 potions of curing
 T - a potion of magic {unknown}
 Z - 2 potions of cancellation {unknown}
Books
 I - a book of Transfigurations

   Spells                             Type                      Level
   a - Irradiate                      Conjuration/Transmutation    5
   b - Statue Form                    Transmutation/Earth          6
   c - Hydra Form                     Transmutation                6
   d - Dragon Form                    Transmutation                7
 J - a Young Poisoner's Handbook

   Spells                             Type                      Level
   a - Sting                          Conjuration/Poison           1
   b - Mephitic Cloud                 Conjuration/Poison/Air       3
   c - Olgreb's Toxic Radiance        Poison                       4
   d - Alistair's Intoxication        Transmutation/Poison         5
   e - Venom Bolt                     Conjuration/Poison           5
 O - a book of Enchantments

   Spells                             Type                      Level
   a - Cause Fear                     Hexes                        4
   b - Yara's Violent Unravelling     Hexes/Transmutation          5
   c - Silence                        Hexes/Air                    5
   d - Deflect Missiles               Charms/Air                   6
   e - Discord                        Hexes                        8
Comestibles
 f - 13 bread rations
 h - 7 meat rations
 k - a royal jelly
 t - 2 slices of pizza
 z - 7 beef jerkies


   Skills:
 - Level 3.5(8.5) Fighting
 + Level 16.7(21.7) Axes
 - Level 11.1(16.1) Armour
 - Level 0.1(5.1) Dodging
 - Level 9.3(14.3) Shields
 - Level 11.1 Invocations


You had 13 spell levels left.
You didn't know any spells.

Dungeon Overview and Level Annotations

Branches:
Dungeon (15/15)            Temple (0/1) D:5            Lair (0/6) D:11
    Orc (0/2) D:10         Vaults (0/5) D:13
 Depths: D:15

Altars:
Cheibriados
Elyvilon
Fedhas
Nemelex Xobeh
Okawaru
Qazlal
Sif Muna
Uskayaw
Vehumet
Yredelemnul
Zin
The Shining One

Shops:
D:8 *   D:9 }   D:10 ?   D:13 (   D:14 %

Portals:
Trove: D:10 (give 17 potions of curing)


Innate Abilities, Weirdness & Mutations

You are under a permanent stasis effect.
You can dig through walls and to a lower floor.
Your four strong arms can wield two-handed weapons with a shield.
You have a pair of large antennae on your head. (SInv)


Message History

Okawaru accepts your kill.
The yaktaur wields an arbalest.
The yaktaur shoots a bolt.
You block the bolt.
The yaktaur wields an arbalest.
The yaktaur shoots a bolt.
The bolt barely misses you.
The bolt hits the centaur warrior!!
The yaktaur moves out of view.
The centaur warrior shoots an arrow.
The arrow hits you but does no damage.
The centaur warrior shoots an arrow.
The arrow hits you!
* * * LOW HITPOINT WARNING * * *
Things that are here:
an arrow; 4 large rocks You slice the yaktaur!!
The yaktaur is heavily wounded.
You slice the yaktaur!!
Unknown command.
You hit the yaktaur.
The yaktaur is severely wounded.
You hit the yaktaur.
You feel protected.
The centaur warrior shoots an arrow.
The arrow hits you!
You die...

###...........
.............
............
...........
..........
......cY.
......cc# #@#
#(# #(# #)#
#(# { #c# #(#
..# ...#


You could see a centaur warrior, 3 yaktaurs and an ice beast.

Vanquished Creatures
  Rupert (D:13)
  The ghost of Naow the Blocker, a journeyman FoFi of Okawaru (D:12)
  9 vault guards
  3 centaur warriors (D:13)
  A tengu warrior (D:14)
  Urug (D:13)
  4 unseen horrors
  3 hill giants
  5 ugly things
  A deep elf mage (D:12)
  2 cyclopes
  3 manticores (D:13)
  An elephant (D:11)
  Maurice (D:8)
  Psyche (D:12)
  A gargoyle (D:10)
  2 rime drakes (D:13)
  A yaktaur (D:12)
  A tengu conjurer (D:14)
  4 trolls
  A two-headed ogre (D:12)
  Grinder (D:5)
  3 hippogriffs
  Sigmund (D:3)
  A spriggan (D:8)
  2 wyverns
  A shadow (D:14)
  17 yaks
  Grum (D:8)
  A golden eye (shapeshifter) (D:13)
  4 vampire mosquitoes (D:11)
  Edmund (D:5)
  The ghost of Shredu92 the Sneak, an amateur VSAs (D:3)
  3 ice beasts
  4 orc warriors
  5 sky beasts
  4 ogres
  2 phantoms
  An eye of draining (D:10)
  3 wolves (D:8)
  10 centaurs
  3 big kobolds
  7 bullfrogs
  A gnoll sergeant (D:12)
  5 scorpions
  A wyvern skeleton (D:14)
  A water moccasin skeleton (D:11)
  3 wights (D:9)
  10 killer bees
  9 howler monkeys
  5 centaur zombies
  4 crimson imps
  A quasit (D:10)
  5 orc priests
  4 bullfrog skeletons
  10 hounds
  5 iguanas
  3 centaur skeletons
  6 orc wizards
  Natasha (thrice) (D:3)
  6 worker ants
  A hound skeleton (D:6)
  Robin (D:2)
  A howler monkey skeleton (D:7)
  3 gnolls (D:12)
  15 adders
  3 shadow imps
  2 oozes
  An adder zombie (D:8)
  5 worms
  3 dart slugs
  5 leopard geckos
  29 orcs
  4 giant cockroaches
  7 hobgoblins
  9 jackals
  5 quokkas
  A ball python (D:2)
  6 bats
  8 frilled lizards
  A giant cockroach zombie (D:5)
  16 goblins
  25 kobolds
  8 rats
364 creatures vanquished.

Notes
Turn   | Place    | Note
-------+----------+-------------------------------------------
     0 | D:1      | Naow the Formicid Fighter began the quest for the Orb.
     0 | D:1      | Reached XP level 1. HP: 18/18 MP: 1/1
    82 | D:1      | Reached XP level 2. HP: 17/24 MP: 2/2
   607 | D:1      | Reached XP level 3. HP: 29/29 MP: 3/3
   823 | D:2      | Reached skill level 3 in Axes
  1023 | D:2      | Reached XP level 4. HP: 29/35 MP: 4/4
  1216 | D:2      | Reached skill level 4 in Axes
  1491 | D:2      | Reached XP level 5. HP: 38/41 MP: 5/5
  1702 | D:2      | Noticed Robin
  1719 | D:2      | Killed Robin
  1719 | D:2      | Reached skill level 5 in Axes
  2176 | D:3      | Noticed Sigmund
  2193 | D:3      | Killed Sigmund
  2193 | D:3      | Reached skill level 6 in Axes
  2193 | D:3      | Reached XP level 6. HP: 35/47 MP: 6/6
  2211 | D:3      | Noticed Natasha
  2215 | D:3      | Killed Natasha
  2245 | D:3      | Noticed Shredu92's ghost (amateur VSAs)
  2267 | D:3      | Killed Shredu92's ghost
  2267 | D:3      | Reached skill level 7 in Axes
  2267 | D:3      | Reached XP level 7. HP: 45/52 MP: 7/7
  2446 | D:3      | Noticed Natasha
  2455 | D:3      | Killed Natasha
  2479 | D:3      | Found a white marble altar of Elyvilon.
  2583 | D:3      | Found a glowing silver altar of Zin.
  2621 | D:3      | Noticed Natasha
  2630 | D:3      | Killed Natasha
  2868 | D:3      | Found a radiant altar of Vehumet.
  2868 | D:3      | Found a faded altar of an unknown god.
  2873 | D:3      | Found an iron altar of Okawaru.
  2876 | D:3      | Found a faded altar of an unknown god.
  2878 | D:3      | Found a faded altar of an unknown god.
  2883 | D:3      | Became a worshipper of Warmaster Okawaru
  3571 | D:4      | Found a sparkling altar of Nemelex Xobeh.
  3785 | D:4      | Reached skill level 8 in Axes
  3799 | D:4      | Found a deep blue altar of Sif Muna.
  3944 | D:4      | Reached XP level 8. HP: 42/58 MP: 8/8
  4087 | D:5      | Entered Level 5 of the Dungeon
  4171 | D:5      | Noticed Grinder
  4572 | D:5      | Killed Grinder
  4572 | D:5      | Reached * piety under Okawaru
  4572 | D:5      | Reached skill level 9 in Axes
  4630 | D:5      | Found a staircase to the Ecumenical Temple.
  4913 | D:5      | Reached skill level 5 in Shields
  5013 | D:5      | Noticed Edmund
  5026 | D:5      | Killed Edmund
  5026 | D:5      | Reached XP level 9. HP: 36/64 MP: 7/9
  5028 | D:5      | Reached ** piety under Okawaru
  5324 | D:6      | Found a blossoming altar of Fedhas.
  5386 | D:6      | Found a glowing golden altar of the Shining One.
  5597 | D:6      | Found a snail-covered altar of Cheibriados.
  5756 | D:7      | Reached skill level 1 in Invocations
  5775 | D:7      | Reached *** piety under Okawaru
  5960 | D:7      | You fall through a shaft!
  5960 | D:8      | Noticed Grum
  5960 | D:8      | Noticed a hippogriff
  5982 | D:8      | Killed a hippogriff
  5982 | D:8      | Reached skill level 5 in Invocations
  6000 | D:8      | Killed Grum
  6000 | D:8      | Reached XP level 10. HP: 46/70 MP: 12/14
  6217 | D:8      | Reached **** piety under Okawaru
  6307 | D:8      | Found a stormy altar of Qazlal.
  6339 | D:8      | Noticed Maurice
  6351 | D:8      | Killed Maurice
  6391 | D:8      | Got a scorched whip
  6540 | D:8      | Found Urosox's General Store.
  6572 | D:8      | Found a basalt altar of Yredelemnul.
  7014 | D:9      | Reached skill level 10 in Invocations
  7104 | D:9      | Found a hide-covered altar of Uskayaw.
  7105 | D:9      | Noticed a dagger
  7106 | D:9      | Noticed a hand axe
  7159 | D:9      | Found a stormy altar of Qazlal.
  7294 | D:9      | Reached ***** piety under Okawaru
  7552 | D:9      | Found Ogasaa's Gadget Emporium.
  7975 | D:10     | Entered Level 10 of the Dungeon
  8138 | D:10     | Found a staircase to the Orcish Mines.
  8190 | D:10     | Noticed an unseen horror
  8214 | D:10     | Killed an unseen horror
  8214 | D:10     | Reached XP level 11. HP: 64/75 MP: 19/19
  8295 | D:10     | Received a gift from Okawaru
  8383 | D:10     | Found Diokhana's Magic Scroll Emporium.
  8575 | D:10     | Noticed a vault guard
  8595 | D:10     | Killed a vault guard
  8797 | D:10     | Found a portal to a secret trove of treasure.
  9166 | D:11     | Noticed a hill giant
  9183 | D:11     | Killed a hill giant
  9183 | D:11     | Reached skill level 10 in Armour
  9201 | D:11     | Reached ****** piety under Okawaru
  9316 | D:11     | Noticed an elephant
  9339 | D:11     | Killed an elephant
  9339 | D:11     | Received a gift from Okawaru
  9354 | D:11     | Noticed a hill giant
  9368 | D:11     | Killed a hill giant
  9537 | D:11     | Reached XP level 12. HP: 81/81 MP: 20/20
  9575 | D:11     | Found a staircase to the Lair.
  9833 | D:12     | Reached skill level 10 in Axes
  9867 | D:12     | Noticed Psyche
  9884 | D:12     | Killed Psyche
  9884 | D:12     | Reached skill level 11 in Axes
  9903 | D:12     | Got a dazzling chain mail
  9914 | D:12     | Identified the +7 chain mail "Quklum" {rN++} (You found it on level 12 of the Dungeon)
  9998 | D:12     | Noticed Naow's ghost (journeyman FoFi)
 10024 | D:12     | Killed Naow's ghost
 10024 | D:12     | Received a gift from Okawaru
 10512 | D:12     | Noticed an unseen horror
 10518 | D:12     | Killed an unseen horror
 10518 | D:12     | Reached skill level 12 in Axes
 10565 | D:12     | Noticed an eight-headed hydra
 10633 | D:13     | Noticed a centaur warrior
 10644 | D:13     | Killed a centaur warrior
 10683 | D:13     | Noticed a centaur warrior
 10697 | D:13     | Killed a centaur warrior
 10699 | D:13     | Reached skill level 13 in Axes
 10760 | D:13     | Noticed a vault guard
 10760 | D:13     | Noticed a vault guard
 10761 | D:13     | Noticed a vault guard
 10762 | D:13     | Noticed a vault guard
 10783 | D:13     | Killed a vault guard
 10783 | D:13     | Reached XP level 13. HP: 87/87 MP: 14/21
 10792 | D:13     | Killed a vault guard
 10806 | D:13     | Killed a vault guard
 10806 | D:13     | Received a gift from Okawaru
 10810 | D:13     | Killed a vault guard
 10810 | D:13     | Reached skill level 14 in Axes
 10818 | D:13     | Found a gate to the Vaults.
 10818 | D:13     | Noticed a vault guard
 10834 | D:13     | Noticed a vault guard
 10843 | D:13     | Killed a vault guard
 10855 | D:13     | Killed a vault guard
 10898 | D:13     | Noticed a vault guard
 10903 | D:13     | Noticed a vault guard
 10926 | D:13     | Killed a vault guard
 10936 | D:13     | Killed a vault guard
 10936 | D:13     | Reached skill level 15 in Axes
 11016 | D:13     | Noticed Urug
 11038 | D:13     | Killed Urug
 11190 | D:13     | Noticed Rupert
 11221 | D:13     | Killed Rupert
 11221 | D:13     | Received a gift from Okawaru
 11224 | D:13     | Got a brightly glowing broad axe {god gift}
 11227 | D:13     | Identified the +1 broad axe "Esche" {pain, *Rage rF+ rN+} (Okawaru gifted it to you on level 13 of the Dungeon)
 11606 | D:13     | Identified the cursed +3 whip "Yschamuwk" {freeze, rElec rN+ Int+2} (You found it on level 8 of the Dungeon)
 11836 | D:13     | Reached skill level 16 in Axes
 11861 | D:13     | Noticed a centaur warrior
 11906 | D:13     | Killed a centaur warrior
 11906 | D:13     | Received a gift from Okawaru
 11954 | D:13     | Found Omamyone's Antique Weapon Boutique.
 12125 | D:14     | Reached XP level 14. HP: 93/93 MP: 14/22
 12226 | D:14     | Found Dunwysot's Food Shoppe.
 12441 | D:15     | Entered Level 15 of the Dungeon
 12458 | D:15     | Shot with an arrow by a centaur warrior

Vault maps used:
D:1:      grunt_arrival_lava_bath
D:2:      kennysheep_goblin_castle, first_bread
D:3:      zin_statuary, elyvilon_altar_5, chequers_temple_overflow_minitemple,
          uniq_natasha, uniq_sigmund
D:4:      overflow_temple_1_default, nemelex_altar_shiori
D:5:      uniq_grinder, uniq_edmund
D:6:      tso_metal_star, lemuel_crystal_altar, fedhas_altar_3
D:8:      nicolae_qazlal_general_emergency, kennysheep_little_box, serial_shops,
          nicolae_shop_behind_doors, the_bakery, kennysheep_generic_room_14,
          uniq_maurice, uniq_grum
D:9:      dancing_weapons_uskayaw, serial_shops, nicolae_shop_window_shopping,
          basic_altar
D:10:     orc_0_dummy, enter_trove_5, serial_shops, shop
D:11:     david_lair_generic
D:12:     uniq_psyche
D:13:     erik_vaults_2, portal_ice_cave_rime, serial_shops, shop, uniq_rupert,
          uniq_urug
D:14:     serial_shops, nicolae_shop_waterfront, shop,
          nicolae_shop_behind_doors, shop, dk_noncrumbling_4
D:15:     gammafunk_enter_depths_forms, serial_glass, glass_columns_b,
          glass_columns_a, glass_columns_a

Skill      XL: |  1  2  3  4  5  6  7  8  9 10 11 12 13 |
---------------+----------------------------------------+-----
Axes           | 3 4 6 7 8 9 13 16 | 16.7
Shields        | 6 9 |  9.3
Invocations    | 6 11 | 11.1
Armour         | 6 11 | 11.1
Fighting       | |  3.5
Dodging        | |  0.1

Action                   |  1- 3 |  4- 6 |  7- 9 | 10-12 | 13-15 || total
-------------------------+-------+-------+-------+-------+-------++-------
Melee: War axe           |    99 |   190 |   381 |   753 |   190 ||  1613
       Eveningstar       |       |       |       |       |    53 ||    53
       Executioner's axe |       |       |       |       |   108 ||   108
Invok: Heroism           |       |       |     5 |    26 |    10 ||    41
       Finesse           |       |       |       |     5 |     6 ||    11
  Use: Potion            |     2 |       |       |       |     3 ||     5
       Scroll            |       |       |       |    13 |     1 ||    14
  Eat: Chunk             |     1 |     4 |    12 |    17 |     5 ||    39
       Bread ration      |       |       |       |     1 |       ||     1
Armor: Scale mail        |    62 |    87 |    56 |       |       ||   205
       Plate armour      |       |       |    62 |   221 |       ||   283
       Chain mail        |       |       |       |    42 |   149 ||   191
Dodge: Dodged            |    41 |    67 |    76 |   148 |    97 ||   429
Block: Shield            |    66 |   107 |   189 |   407 |    91 ||   860
       Buckler           |       |       |       |       |    23 ||    23
